 Dungeon Crawl Stone Soup version 0.31-a0-1278-g11c5b68f87 (webtiles) character file.

Game seed: 13867300111961100503

72 pokeman the Magician (level 4, -1/25 HPs)
             Began as a Deep Elf Hedge Wizard on Dec 17, 2023.
             Slain by an iguana (13 damage)
             ... on level 2 of the Dungeon.
             The game lasted 00:03:37 (2139 turns).

pokeman the Magician (Deep Elf Hedge Wizard)        Turns: 2139, Time: 00:03:37

Health: -1/25      AC:  2    Str:  7    XL:     4   Next: 6%
Magic:  7/13       EV: 12    Int: 21    God:
Gold:   56         SH:  0    Dex: 14    Spells: 6/14 levels left

rFire   . . .        k - +0 war axe
rCold   + . .        (no shield)
rNeg    . . .        e - +0 robe {Will+}
rPois   .            c - +0 hat
rElec   .            (no cloak)
rCorr   .            (no gloves)
SInv    .            (no boots)
Will    +....        (no amulet)
Stlth   ++           i - ring of flight
HPRegen 0.24/turn    h - ring of protection from cold
MPRegen 0.13/turn

%: no passive effects
@: flying
A: no striking features
a: no special abilities


You were on level 2 of the Dungeon.
You visited 1 branch of the dungeon, and saw 2 of its levels.

You collected 56 gold pieces.

Inventory:

Hand Weapons
 k - a +0 war axe (weapon)
Armour
 c - a +0 hat (worn)
 e - a +0 robe of willpower (worn)
Jewellery
 h - a ring of protection from cold (right hand)
 i - a ring of flight (left hand)
Scrolls
 b - 2 scrolls of identify {unknown}
Potions
 d - a potion of magic
 f - 2 potions of might {unknown}
 g - 2 potions of curing {unknown}
 j - a potion of haste {unknown}


   Skills:
 - Level 1.0 Fighting
 - Level 1.0 Armour
 + Level 2.6 Dodging
 + Level 2.6 Stealth
 * Level 5.5 Spellcasting
 + Level 2.0 Conjurations
 - Level 1.1 Summonings
 - Level 1.1 Translocations


You had 6 spell levels left.
You knew the following spells:

 Your Spells              Type           Power      Damage    Failure   Level
a - Magic Dart            Conj           56%        1d5       4%          1
b - Mephitic Cloud        Conj/Pois/Air  8%         N/A       24%         3
c - Call Imp              Summ           20%        N/A       10%         2
d - Blink                 Tloc           20%        N/A       10%         2

Your spell library contained the following spells:

 Spells                   Type           Power      Damage    Failure   Level
 Lesser Beckoning         Tloc           20%        N/A       10%         2
 Freeze                   Ice            20%        1d4       11%         1
 Slow                     Hex            20%        N/A       11%         1
 Cigotuvi's Dreadful Rot  Necr/Pois/Air  10%        N/A       16%         2
 Gell's Gravitas          Tloc           10%        N/A       21%         3
 Teleport Other           Tloc           10%        N/A       21%         3
 Inner Flame              Hex/Fire       5%         N/A       30%         3
 Leda's Liquefaction      Tmut/Erth      2%         N/A       71%         4
 Metabolic Englaciation   Hex/Ice        2%         N/A       96%         5
 Yara's Violent Unravell  Hex/Tmut       2%         3d3       96%         5
 Eringya's Noxious Bog    Tmut/Pois      2%         4d6       100%        6
 Enfeeble                 Hex            2%         N/A       100%        7


Dungeon Overview and Level Annotations

Branches:
Dungeon (2/15)

Altars:

Shops:
D:2 ?


Message History

You reach down and open the door.
There is an open door here.
An iguana comes into view.
Casting: Magic Dart (safe; 4% risk of failure)
Confirm with . or Enter, or press ? or * to list all spells.
Aiming: Mephitic Cloud (extremely dangerous; 24% risk of failure)
Press: ? - help, Shift-Dir - straight line, f - iguana
Aim: an iguana (asleep, chance to affect: 86%)
The ball explodes into a vile cloud!
The stinking cloud engulfs the iguana but does no damage.
The iguana hisses angrily.
You hear a shout!
The iguana is engulfed in noxious fumes.
The iguana appears confused.
Unknown command.
Casting: Mephitic Cloud (extremely dangerous; 24% risk of failure)
Confirm with . or Enter, or press ? or * to list all spells.
A tiny devil pulls itself out of the air.
A goblin comes into view. It is wielding a +0 club.
The iguana is engulfed in noxious fumes.
The iguana appears confused.
Unknown command.
The iguana is engulfed in noxious fumes.
The iguana appears confused.
Casting: Call Imp (safe; 10% risk of failure)
Confirm with . or Enter, or press ? or * to list all spells.
Aiming: Magic Dart (safe; 4% risk of failure)
Press: ? - help, Shift-Dir - straight line, f/p - iguana
Aim: an iguana (confused, ally target, 100% to hit)
The magic dart hits the iguana but does no damage.
Unknown command.
You hit the iguana but do no damage.
Your cerulean imp hits the iguana from afar with a -3 spear.
The iguana is engulfed in noxious fumes.
The iguana appears confused.
The iguana bites you!
Ouch! That really hurt!
Your cerulean imp hits the iguana but does no damage.
The iguana is engulfed in noxious fumes.
The iguana appears confused.
The iguana bites you!
Ouch! That really hurt!
You die...

#.# .. #... ...
[.##... #.#
....... #.# ......
#.# #####...# #g#
#...##..##### #l#
#.#.###.....+
#@####.#......#
#5##.......#..##
#..'.......#...###
####.....†.#.#...#
..........).###..
############# ##)
#. #. #.


You could see an iguana (confused, ally target), a goblin and a friendly
cerulean imp (summoned).

Vanquished Creatures
  2 adders (D:2)
  A worm (D:2)
  A dart slug (D:1)
  4 bats
  An endoplasm (D:1)
  3 giant cockroaches
  5 goblins
  4 hobgoblins
  8 jackals (D:1)
  3 quokkas (D:1)
  3 ball pythons (D:1)
  2 frilled lizards
  A kobold (D:1)
  4 rats
42 creatures vanquished.

Notes
Turn   | Place    | Note
-------+----------+-------------------------------------------
     0 | D:1      | pokeman the Deep Elf Hedge Wizard began the quest for the
                  | Orb.
     0 | D:1      | Reached XP level 1. HP: 10/10 MP: 7/7
   245 | D:1      | Reached XP level 2. HP: 8/16 MP: 1/9
   367 | D:1      | Got the Treatise on Frigorific Reformation
   833 | D:1      | Reached skill level 5 in Spellcasting
   996 | D:1      | Reached XP level 3. HP: 20/20 MP: 8/11
  1016 | D:1      | Learned a level 3 spell: Mephitic Cloud
  1019 | D:1      | Learned a level 2 spell: Call Imp
  1022 | D:1      | Learned a level 2 spell: Blink
  1642 | D:2      | Reached skill level 1 in Fighting
  1716 | D:2      | Reached skill level 1 in Armour
  1786 | D:2      | Found The Oracle's Delphic Readings.
  2067 | D:2      | Reached XP level 4. HP: 22/25 MP: 5/13
  2139 | D:2      | Slain by an iguana

Illustrated notes

Levels and vault maps discovered:
D:1:      dpeg_arrival_snail, layout_loops_ring
D:2:      layout_basic, basic_altar, nicolae_nh_oracle_at_delphi

Skill      XL: |  1  2  3 |
---------------+----------+-----
Spellcasting   | 5 |  5.5
Fighting       | 1 |  1.0
Armour         | 1 |  1.0
Conjurations   | 2 |  2.0
Dodging        | |  2.6
Stealth        | |  2.6
Summonings     | |  1.1
Translocations | |  1.1

Action                     |  1- 3 |  4- 6 || total
---------------------------+-------+-------++-------
  Melee: Dagger            |    21 |       ||    21
         Punch             |     1 |       ||     1
         War axe           |       |     1 ||     1
   Cast: Magic Dart        |   124 |     1 ||   125
         Mephitic Cloud    |     1 |     1 ||     2
         Call Imp          |     1 |     1 ||     2
   Stab: Confused          |     1 |       ||     1
 Armour: Robe              |    38 |     2 ||    40
  Dodge: Dodged            |    39 |       ||    39

Table legend: (Time is in decaauts)
 A = Elapsed time spent in this place.
 B = Non-inter-level travel time spent in this place.
 C = Inter-level travel time spent in this place.
 D = Time resting spent in this place.
 E = Time spent auto-exploring this place.
 F = Levels seen in this place.
 G = Mean time per level.
                   A        B        C        D        E       F      G
               +--------+--------+--------+--------+--------+-----+--------+
         Total |   2137 |   2083 |     54 |     42 |   1767 |   2 | 1068.5 |
       Dungeon |   2137 |   2083 |     54 |     42 |   1767 |   2 | 1068.5 |
               +--------+--------+--------+--------+--------+-----+--------+

Top non-repeatable levels by time:
     D:1: 1629 daAuts
     D:2: 508 daAuts
